Workbook

Sheet Produtos
A1: Código do produto | B1: Produto | C1: Categoria | D1: Unidade | E1: Fornecedor | F1: CNPJ do fornecedor | G1: Estoque inicial | H1: Estoque mínimo | I1: Custo unitário | J1: Preço de venda | K1: Entradas | L1: Saídas | M1: Estoque atual | N1: Valor em estoque | O1: Status | P1: Última atualização
A2: PRD-001 | B2: Arroz Tipo 1 5kg | C2: Alimentos | D2: Pacote | E2: Alimentos Brasil Ltda. | F2: 12.345.678/0001-90 | G2: 40 | H2: 25 | I2: 18.9 | J2: 26.9 | K2: =IF(A2="","",SUMIF('Movimentações'!$C$2:$C$111,A2,'Movimentações'!$F$2:$F$111)) | L2: =IF(A2="","",SUMIF('Movimentações'!$C$2:$C$111,A2,'Movimentações'!$G$2:$G$111)) | M2: =IF(A2="","",G2+K2-L2) | N2: =IF(A2="","",M2*I2) | O2: =IF(A2="","",IF(M2<=0,"ESGOTADO",IF(M2<=H2,"REPOR","NORMAL"))) | P2: 46027
A3: PRD-002 | B3: Café Torrado 500g | C3: Alimentos | D3: Pacote | E3: Café Paulista Ltda. | F3: 23.456.789/0001-01 | G3: 25 | H3: 20 | I3: 14.5 | J3: 21.9 | K3: =IF(A3="","",SUMIF('Movimentações'!$C$2:$C$111,A3,'Movimentações'!$F$2:$F$111)) | L3: =IF(A3="","",SUMIF('Movimentações'!$C$2:$C$111,A3,'Movimentações'!$G$2:$G$111)) | M3: =IF(A3="","",G3+K3-L3) | N3: =IF(A3="","",M3*I3) | O3: =IF(A3="","",IF(M3<=0,"ESGOTADO",IF(M3<=H3,"REPOR","NORMAL"))) | P3: 46071
A4: PRD-003 | B4: Açúcar Refinado 1kg | C4: Alimentos | D4: Pacote | E4: Doces Minas Ltda. | F4: 34.567.890/0001-12 | G4: 20 | H4: 15 | I4: 4.8 | J4: 7.5 | K4: =IF(A4="","",SUMIF('Movimentações'!$C$2:$C$111,A4,'Movimentações'!$F$2:$F$111)) | L4: =IF(A4="","",SUMIF('Movimentações'!$C$2:$C$111,A4,'Movimentações'!$G$2:$G$111)) | M4: =IF(A4="","",G4+K4-L4) | N4: =IF(A4="","",M4*I4) | O4: =IF(A4="","",IF(M4<=0,"ESGOTADO",IF(M4<=H4,"REPOR","NORMAL"))) | P4: 46093
A5: PRD-004 | B5: Óleo de Soja 900ml | C5: Alimentos | D5: Unidade | E5: Distribuidora Vale Ltda. | F5: 45.678.901/0001-23 | G5: 15 | H5: 12 | I5: 7.2 | J5: 10.9 | K5: =IF(A5="","",SUMIF('Movimentações'!$C$2:$C$111,A5,'Movimentações'!$F$2:$F$111)) | L5: =IF(A5="","",SUMIF('Movimentações'!$C$2:$C$111,A5,'Movimentações'!$G$2:$G$111)) | M5: =IF(A5="","",G5+K5-L5) | N5: =IF(A5="","",M5*I5) | O5: =IF(A5="","",IF(M5<=0,"ESGOTADO",IF(M5<=H5,"REPOR","NORMAL"))) | P5: 46119
A6: PRD-005 | B6: Feijão Carioca 1kg | C6: Alimentos | D6: Pacote | E6: Cooperativa Campo Ltda. | F6: 56.789.012/0001-34 | G6: 50 | H6: 15 | I6: 6.9 | J6: 10.5 | K6: =IF(A6="","",SUMIF('Movimentações'!$C$2:$C$111,A6,'Movimentações'!$F$2:$F$111)) | L6: =IF(A6="","",SUMIF('Movimentações'!$C$2:$C$111,A6,'Movimentações'!$G$2:$G$111)) | M6: =IF(A6="","",G6+K6-L6) | N6: =IF(A6="","",M6*I6) | O6: =IF(A6="","",IF(M6<=0,"ESGOTADO",IF(M6<=H6,"REPOR","NORMAL"))) | P6: 46164
A7: PRD-006 | B7: Leite Integral 1L | C7: Bebidas | D7: Caixa | E7: Laticínios Serra Ltda. | F7: 67.890.123/0001-45 | G7: 30 | H7: 25 | I7: 4.3 | J7: 6.9 | K7: =IF(A7="","",SUMIF('Movimentações'!$C$2:$C$111,A7,'Movimentações'!$F$2:$F$111)) | L7: =IF(A7="","",SUMIF('Movimentações'!$C$2:$C$111,A7,'Movimentações'!$G$2:$G$111)) | M7: =IF(A7="","",G7+K7-L7) | N7: =IF(A7="","",M7*I7) | O7: =IF(A7="","",IF(M7<=0,"ESGOTADO",IF(M7<=H7,"REPOR","NORMAL"))) | P7: 46187
A8: PRD-007 | B8: Papel A4 500 folhas | C8: Papelaria | D8: Resma | E8: Papelaria Central Ltda. | F8: 78.901.234/0001-56 | G8: 25 | H8: 10 | I8: 22 | J8: 32.9 | K8: =IF(A8="","",SUMIF('Movimentações'!$C$2:$C$111,A8,'Movimentações'!$F$2:$F$111)) | L8: =IF(A8="","",SUMIF('Movimentações'!$C$2:$C$111,A8,'Movimentações'!$G$2:$G$111)) | M8: =IF(A8="","",G8+K8-L8) | N8: =IF(A8="","",M8*I8) | O8: =IF(A8="","",IF(M8<=0,"ESGOTADO",IF(M8<=H8,"REPOR","NORMAL"))) | P8: 46253
A9: PRD-008 | B9: Detergente Neutro 500ml | C9: Limpeza | D9: Unidade | E9: Limpa Bem Ltda. | F9: 89.012.345/0001-67 | G9: 10 | H9: 15 | I9: 2.8 | J9: 4.9 | K9: =IF(A9="","",SUMIF('Movimentações'!$C$2:$C$111,A9,'Movimentações'!$F$2:$F$111)) | L9: =IF(A9="","",SUMIF('Movimentações'!$C$2:$C$111,A9,'Movimentações'!$G$2:$G$111)) | M9: =IF(A9="","",G9+K9-L9) | N9: =IF(A9="","",M9*I9) | O9: =IF(A9="","",IF(M9<=0,"ESGOTADO",IF(M9<=H9,"REPOR","NORMAL"))) | P9: 46295
A10: PRD-009 | B10: Sabonete Suave 90g | C10: Higiene | D10: Unidade | E10: Higiene Total Ltda. | F10: 91.234.567/0001-78 | G10: 8 | H10: 8 | I10: 2.1 | J10: 3.9 | K10: =IF(A10="","",SUMIF('Movimentações'!$C$2:$C$111,A10,'Movimentações'!$F$2:$F$111)) | L10: =IF(A10="","",SUMIF('Movimentações'!$C$2:$C$111,A10,'Movimentações'!$G$2:$G$111)) | M10: =IF(A10="","",G10+K10-L10) | N10: =IF(A10="","",M10*I10) | O10: =IF(A10="","",IF(M10<=0,"ESGOTADO",IF(M10<=H10,"REPOR","NORMAL"))) | P10: 46211
A11: PRD-010 | B11: Água Mineral 500ml | C11: Bebidas | D11: Fardo | E11: Fontes Cristal Ltda. | F11: 10.987.654/0001-89 | G11: 0 | H11: 12 | I11: 16.5 | J11: 24.9 | K11: =IF(A11="","",SUMIF('Movimentações'!$C$2:$C$111,A11,'Movimentações'!$F$2:$F$111)) | L11: =IF(A11="","",SUMIF('Movimentações'!$C$2:$C$111,A11,'Movimentações'!$G$2:$G$111)) | M11: =IF(A11="","",G11+K11-L11) | N11: =IF(A11="","",M11*I11) | O11: =IF(A11="","",IF(M11<=0,"ESGOTADO",IF(M11<=H11,"REPOR","NORMAL"))) | P11: 46063
K12: =IF(A12="","",SUMIF('Movimentações'!$C$2:$C$111,A12,'Movimentações'!$F$2:$F$111)) | L12: =IF(A12="","",SUMIF('Movimentações'!$C$2:$C$111,A12,'Movimentações'!$G$2:$G$111)) | M12: =IF(A12="","",G12+K12-L12) | N12: =IF(A12="","",M12*I12) | O12: =IF(A12="","",IF(M12<=0,"ESGOTADO",IF(M12<=H12,"REPOR","NORMAL")))
K13: =IF(A13="","",SUMIF('Movimentações'!$C$2:$C$111,A13,'Movimentações'!$F$2:$F$111)) | L13: =IF(A13="","",SUMIF('Movimentações'!$C$2:$C$111,A13,'Movimentações'!$G$2:$G$111)) | M13: =IF(A13="","",G13+K13-L13) | N13: =IF(A13="","",M13*I13) | O13: =IF(A13="","",IF(M13<=0,"ESGOTADO",IF(M13<=H13,"REPOR","NORMAL")))
K14: =IF(A14="","",SUMIF('Movimentações'!$C$2:$C$111,A14,'Movimentações'!$F$2:$F$111)) | L14: =IF(A14="","",SUMIF('Movimentações'!$C$2:$C$111,A14,'Movimentações'!$G$2:$G$111)) | M14: =IF(A14="","",G14+K14-L14) | N14: =IF(A14="","",M14*I14) | O14: =IF(A14="","",IF(M14<=0,"ESGOTADO",IF(M14<=H14,"REPOR","NORMAL")))
K15: =IF(A15="","",SUMIF('Movimentações'!$C$2:$C$111,A15,'Movimentações'!$F$2:$F$111)) | L15: =IF(A15="","",SUMIF('Movimentações'!$C$2:$C$111,A15,'Movimentações'!$G$2:$G$111)) | M15: =IF(A15="","",G15+K15-L15) | N15: =IF(A15="","",M15*I15) | O15: =IF(A15="","",IF(M15<=0,"ESGOTADO",IF(M15<=H15,"REPOR","NORMAL")))
K16: =IF(A16="","",SUMIF('Movimentações'!$C$2:$C$111,A16,'Movimentações'!$F$2:$F$111)) | L16: =IF(A16="","",SUMIF('Movimentações'!$C$2:$C$111,A16,'Movimentações'!$G$2:$G$111)) | M16: =IF(A16="","",G16+K16-L16) | N16: =IF(A16="","",M16*I16) | O16: =IF(A16="","",IF(M16<=0,"ESGOTADO",IF(M16<=H16,"REPOR","NORMAL")))
K17: =IF(A17="","",SUMIF('Movimentações'!$C$2:$C$111,A17,'Movimentações'!$F$2:$F$111)) | L17: =IF(A17="","",SUMIF('Movimentações'!$C$2:$C$111,A17,'Movimentações'!$G$2:$G$111)) | M17: =IF(A17="","",G17+K17-L17) | N17: =IF(A17="","",M17*I17) | O17: =IF(A17="","",IF(M17<=0,"ESGOTADO",IF(M17<=H17,"REPOR","NORMAL")))
K18: =IF(A18="","",SUMIF('Movimentações'!$C$2:$C$111,A18,'Movimentações'!$F$2:$F$111)) | L18: =IF(A18="","",SUMIF('Movimentações'!$C$2:$C$111,A18,'Movimentações'!$G$2:$G$111)) | M18: =IF(A18="","",G18+K18-L18) | N18: =IF(A18="","",M18*I18) | O18: =IF(A18="","",IF(M18<=0,"ESGOTADO",IF(M18<=H18,"REPOR","NORMAL")))
K19: =IF(A19="","",SUMIF('Movimentações'!$C$2:$C$111,A19,'Movimentações'!$F$2:$F$111)) | L19: =IF(A19="","",SUMIF('Movimentações'!$C$2:$C$111,A19,'Movimentações'!$G$2:$G$111)) | M19: =IF(A19="","",G19+K19-L19) | N19: =IF(A19="","",M19*I19) | O19: =IF(A19="","",IF(M19<=0,"ESGOTADO",IF(M19<=H19,"REPOR","NORMAL")))
K20: =IF(A20="","",SUMIF('Movimentações'!$C$2:$C$111,A20,'Movimentações'!$F$2:$F$111)) | L20: =IF(A20="","",SUMIF('Movimentações'!$C$2:$C$111,A20,'Movimentações'!$G$2:$G$111)) | M20: =IF(A20="","",G20+K20-L20) | N20: =IF(A20="","",M20*I20) | O20: =IF(A20="","",IF(M20<=0,"ESGOTADO",IF(M20<=H20,"REPOR","NORMAL")))
K21: =IF(A21="","",SUMIF('Movimentações'!$C$2:$C$111,A21,'Movimentações'!$F$2:$F$111)) | L21: =IF(A21="","",SUMIF('Movimentações'!$C$2:$C$111,A21,'Movimentações'!$G$2:$G$111)) | M21: =IF(A21="","",G21+K21-L21) | N21: =IF(A21="","",M21*I21) | O21: =IF(A21="","",IF(M21<=0,"ESGOTADO",IF(M21<=H21,"REPOR","NORMAL")))
K22: =IF(A22="","",SUMIF('Movimentações'!$C$2:$C$111,A22,'Movimentações'!$F$2:$F$111)) | L22: =IF(A22="","",SUMIF('Movimentações'!$C$2:$C$111,A22,'Movimentações'!$G$2:$G$111)) | M22: =IF(A22="","",G22+K22-L22) | N22: =IF(A22="","",M22*I22) | O22: =IF(A22="","",IF(M22<=0,"ESGOTADO",IF(M22<=H22,"REPOR","NORMAL")))
K23: =IF(A23="","",SUMIF('Movimentações'!$C$2:$C$111,A23,'Movimentações'!$F$2:$F$111)) | L23: =IF(A23="","",SUMIF('Movimentações'!$C$2:$C$111,A23,'Movimentações'!$G$2:$G$111)) | M23: =IF(A23="","",G23+K23-L23) | N23: =IF(A23="","",M23*I23) | O23: =IF(A23="","",IF(M23<=0,"ESGOTADO",IF(M23<=H23,"REPOR","NORMAL")))
... K111: =IF(A111="","",SUMIF('Movimentações'!$C$2:$C$111,A111,'Movimentações'!$F$2:$F$111)) | L111: =IF(A111="","",SUMIF('Movimentações'!$C$2:$C$111,A111,'Movimentações'!$G$2:$G$111)) | M111: =IF(A111="","",G111+K111-L111) | N111: =IF(A111="","",M111*I111) | O111: =IF(A111="","",IF(M111<=0,"ESGOTADO",IF(M111<=H111,"REPOR","NORMAL")))

Sheet Movimentações
A1: ID da movimentação | B1: Data | C1: Código do produto | D1: Produto | E1: Tipo | F1: Quantidade de entrada | G1: Quantidade de saída | H1: Custo unitário | I1: Valor total | J1: Responsável | K1: Cidade | L1: Nota fiscal / NF-e | M1: Observações
A2: MOV-001 | B2: 46027 | C2: PRD-001 | D2: =IF(C2="","",IFERROR(VLOOKUP(C2,'Produtos'!$A$2:$J$111,2,FALSE),"Código não encontrado")) | E2: Entrada | F2: 120 | H2: =IF(C2="","",IFERROR(VLOOKUP(C2,'Produtos'!$A$2:$J$111,9,FALSE),0)) | I2: =IF(C2="","",(F2+G2)*H2) | J2: João Silva | K2: São Paulo | L2: NF-e 000001 | M2: Compra para reposição
A3: MOV-002 | B3: 46071 | C3: PRD-002 | D3: =IF(C3="","",IFERROR(VLOOKUP(C3,'Produtos'!$A$2:$J$111,2,FALSE),"Código não encontrado")) | E3: Entrada | F3: 80 | H3: =IF(C3="","",IFERROR(VLOOKUP(C3,'Produtos'!$A$2:$J$111,9,FALSE),0)) | I3: =IF(C3="","",(F3+G3)*H3) | J3: Maria Oliveira | K3: Campinas | L3: NF-e 000002 | M3: Compra mensal
A4: MOV-003 | B4: 46093 | C4: PRD-003 | D4: =IF(C4="","",IFERROR(VLOOKUP(C4,'Produtos'!$A$2:$J$111,2,FALSE),"Código não encontrado")) | E4: Saída | G4: 30 | H4: =IF(C4="","",IFERROR(VLOOKUP(C4,'Produtos'!$A$2:$J$111,9,FALSE),0)) | I4: =IF(C4="","",(F4+G4)*H4) | J4: Pedro Santos | K4: Curitiba | L4: NF-e 000003 | M4: Venda para cliente
A5: MOV-004 | B5: 46119 | C5: PRD-004 | D5: =IF(C5="","",IFERROR(VLOOKUP(C5,'Produtos'!$A$2:$J$111,2,FALSE),"Código não encontrado")) | E5: Entrada | F5: 60 | H5: =IF(C5="","",IFERROR(VLOOKUP(C5,'Produtos'!$A$2:$J$111,9,FALSE),0)) | I5: =IF(C5="","",(F5+G5)*H5) | J5: Ana Souza | K5: Belo Horizonte | L5: NF-e 000004 | M5: Reposição de óleo
A6: MOV-005 | B6: 46164 | C6: PRD-005 | D6: =IF(C6="","",IFERROR(VLOOKUP(C6,'Produtos'!$A$2:$J$111,2,FALSE),"Código não encontrado")) | E6: Saída | G6: 40 | H6: =IF(C6="","",IFERROR(VLOOKUP(C6,'Produtos'!$A$2:$J$111,9,FALSE),0)) | I6: =IF(C6="","",(F6+G6)*H6) | J6: João Silva | K6: São Paulo | L6: NF-e 000005 | M6: Venda no varejo
A7: MOV-006 | B7: 46187 | C7: PRD-006 | D7: =IF(C7="","",IFERROR(VLOOKUP(C7,'Produtos'!$A$2:$J$111,2,FALSE),"Código não encontrado")) | E7: Entrada | F7: 100 | H7: =IF(C7="","",IFERROR(VLOOKUP(C7,'Produtos'!$A$2:$J$111,9,FALSE),0)) | I7: =IF(C7="","",(F7+G7)*H7) | J7: Maria Oliveira | K7: Campinas | L7: NF-e 000006 | M7: Reposição de leite
A8: MOV-007 | B8: 46253 | C8: PRD-007 | D8: =IF(C8="","",IFERROR(VLOOKUP(C8,'Produtos'!$A$2:$J$111,2,FALSE),"Código não encontrado")) | E8: Saída | G8: 15 | H8: =IF(C8="","",IFERROR(VLOOKUP(C8,'Produtos'!$A$2:$J$111,9,FALSE),0)) | I8: =IF(C8="","",(F8+G8)*H8) | J8: Pedro Santos | K8: Curitiba | L8: NF-e 000007 | M8: Venda corporativa
A9: MOV-008 | B9: 46295 | C9: PRD-008 | D9: =IF(C9="","",IFERROR(VLOOKUP(C9,'Produtos'!$A$2:$J$111,2,FALSE),"Código não encontrado")) | E9: Entrada | F9: 50 | H9: =IF(C9="","",IFERROR(VLOOKUP(C9,'Produtos'!$A$2:$J$111,9,FALSE),0)) | I9: =IF(C9="","",(F9+G9)*H9) | J9: Ana Souza | K9: Belo Horizonte | L9: NF-e 000008 | M9: Reposição de detergente
D10: =IF(C10="","",IFERROR(VLOOKUP(C10,'Produtos'!$A$2:$J$111,2,FALSE),"Código não encontrado")) | H10: =IF(C10="","",IFERROR(VLOOKUP(C10,'Produtos'!$A$2:$J$111,9,FALSE),0)) | I10: =IF(C10="","",(F10+G10)*H10)
D11: =IF(C11="","",IFERROR(VLOOKUP(C11,'Produtos'!$A$2:$J$111,2,FALSE),"Código não encontrado")) | H11: =IF(C11="","",IFERROR(VLOOKUP(C11,'Produtos'!$A$2:$J$111,9,FALSE),0)) | I11: =IF(C11="","",(F11+G11)*H11)
D12: =IF(C12="","",IFERROR(VLOOKUP(C12,'Produtos'!$A$2:$J$111,2,FALSE),"Código não encontrado")) | H12: =IF(C12="","",IFERROR(VLOOKUP(C12,'Produtos'!$A$2:$J$111,9,FALSE),0)) | I12: =IF(C12="","",(F12+G12)*H12)
D13: =IF(C13="","",IFERROR(VLOOKUP(C13,'Produtos'!$A$2:$J$111,2,FALSE),"Código não encontrado")) | H13: =IF(C13="","",IFERROR(VLOOKUP(C13,'Produtos'!$A$2:$J$111,9,FALSE),0)) | I13: =IF(C13="","",(F13+G13)*H13)
D14: =IF(C14="","",IFERROR(VLOOKUP(C14,'Produtos'!$A$2:$J$111,2,FALSE),"Código não encontrado")) | H14: =IF(C14="","",IFERROR(VLOOKUP(C14,'Produtos'!$A$2:$J$111,9,FALSE),0)) | I14: =IF(C14="","",(F14+G14)*H14)
D15: =IF(C15="","",IFERROR(VLOOKUP(C15,'Produtos'!$A$2:$J$111,2,FALSE),"Código não encontrado")) | H15: =IF(C15="","",IFERROR(VLOOKUP(C15,'Produtos'!$A$2:$J$111,9,FALSE),0)) | I15: =IF(C15="","",(F15+G15)*H15)
D16: =IF(C16="","",IFERROR(VLOOKUP(C16,'Produtos'!$A$2:$J$111,2,FALSE),"Código não encontrado")) | H16: =IF(C16="","",IFERROR(VLOOKUP(C16,'Produtos'!$A$2:$J$111,9,FALSE),0)) | I16: =IF(C16="","",(F16+G16)*H16)
D17: =IF(C17="","",IFERROR(VLOOKUP(C17,'Produtos'!$A$2:$J$111,2,FALSE),"Código não encontrado")) | H17: =IF(C17="","",IFERROR(VLOOKUP(C17,'Produtos'!$A$2:$J$111,9,FALSE),0)) | I17: =IF(C17="","",(F17+G17)*H17)
D18: =IF(C18="","",IFERROR(VLOOKUP(C18,'Produtos'!$A$2:$J$111,2,FALSE),"Código não encontrado")) | H18: =IF(C18="","",IFERROR(VLOOKUP(C18,'Produtos'!$A$2:$J$111,9,FALSE),0)) | I18: =IF(C18="","",(F18+G18)*H18)
D19: =IF(C19="","",IFERROR(VLOOKUP(C19,'Produtos'!$A$2:$J$111,2,FALSE),"Código não encontrado")) | H19: =IF(C19="","",IFERROR(VLOOKUP(C19,'Produtos'!$A$2:$J$111,9,FALSE),0)) | I19: =IF(C19="","",(F19+G19)*H19)
D20: =IF(C20="","",IFERROR(VLOOKUP(C20,'Produtos'!$A$2:$J$111,2,FALSE),"Código não encontrado")) | H20: =IF(C20="","",IFERROR(VLOOKUP(C20,'Produtos'!$A$2:$J$111,9,FALSE),0)) | I20: =IF(C20="","",(F20+G20)*H20)
D21: =IF(C21="","",IFERROR(VLOOKUP(C21,'Produtos'!$A$2:$J$111,2,FALSE),"Código não encontrado")) | H21: =IF(C21="","",IFERROR(VLOOKUP(C21,'Produtos'!$A$2:$J$111,9,FALSE),0)) | I21: =IF(C21="","",(F21+G21)*H21)
... D111: =IF(C111="","",IFERROR(VLOOKUP(C111,'Produtos'!$A$2:$J$111,2,FALSE),"Código não encontrado")) | H111: =IF(C111="","",IFERROR(VLOOKUP(C111,'Produtos'!$A$2:$J$111,9,FALSE),0)) | I111: =IF(C111="","",(F111+G111)*H111)

Sheet Dashboard
A1: Painel que resolve o estoque
A3: Produtos cadastrados | B3: =COUNTA('Produtos'!$A$2:$A$111) | D3: Custo médio dos produtos | E3: =IFERROR(AVERAGE('Produtos'!$I$2:$I$111),0)
A4: Valor total em estoque | B4: =SUM('Produtos'!$N$2:$N$111) | D4: Percentual em situação normal | E4: =IFERROR(COUNTIF('Produtos'!$O$2:$O$111,"NORMAL")/COUNTA('Produtos'!$A$2:$A$111),0)
A5: Quantidade disponível | B5: =SUM('Produtos'!$M$2:$M$111) | D5: Valor total das entradas | E5: =SUMIF('Movimentações'!$E$2:$E$111,"Entrada",'Movimentações'!$I$2:$I$111)
A6: Produtos para reposição | B6: =COUNTIF('Produtos'!$O$2:$O$111,"REPOR") | D6: Valor total das saídas | E6: =SUMIF('Movimentações'!$E$2:$E$111,"Saída",'Movimentações'!$I$2:$I$111)
A7: Produtos esgotados | B7: =COUNTIF('Produtos'!$O$2:$O$111,"ESGOTADO") | D7: Próxima ação | E7: =IF(B7>0,"Resolver esgotados",IF(B6>0,"Planejar reposição","Estoque sob controle"))
A11: Leitura rápida dos gráficos
A12: Status | B12: Quantidade | D12: Fluxo | E12: Valor total
A13: NORMAL | B13: =COUNTIF('Produtos'!$O$2:$O$111,"NORMAL") | D13: Entradas | E13: =SUMIF('Movimentações'!$E$2:$E$111,"Entrada",'Movimentações'!$I$2:$I$111)
A14: REPOR | B14: =COUNTIF('Produtos'!$O$2:$O$111,"REPOR") | D14: Saídas | E14: =SUMIF('Movimentações'!$E$2:$E$111,"Saída",'Movimentações'!$I$2:$I$111)
A15: ESGOTADO | B15: =COUNTIF('Produtos'!$O$2:$O$111,"ESGOTADO")
A18: Use o painel para agir antes que falte produto.
